 Dungeon Crawl Stone Soup version 0.21-a0-297-ga3d34c2 (webtiles) character file.

86 vatarom the Skirmisher (level 4, -6/41 HPs)
             Began as a Gnoll Monk on Sept 28, 2017.
             Blown up by Ijyb (12 damage)
             ... with a wand of disintegration (?/24)
             ... on level 3 of the Dungeon.
             The game lasted 00:04:57 (1996 turns).

vatarom the Skirmisher (Gnoll Monk)                 Turns: 1996, Time: 00:04:58

Health: -6/41      AC:  3    Str: 14    XL:     4   Next: 49%
Magic:  0/5        EV: 16    Int: 13    God:
Gold:   183        SH:  0    Dex: 17    Spells: 3/4 levels left

rFire    . . .     SeeInvis .     - Unarmed
rCold    . . .     Gourm    .   (no shield)
rNeg     . . .     Faith    .   a - +0 robe
rPois    .         Spirit   +   (no helmet)
rElec    .         Reflect  .   e - scarf {Spirit}
rCorr    .         Harm     .   (no gloves)
MR       .....                  i - +0 pair of boots (curse)
Stlth    +++.......             (no amulet)
HPRegen  0.13/turn              f - ring of flight
MPRegen  0.09/turn              (no ring)

@: hasted, very quick
A: distributed training, fangs 1, strong nose
a: Evoke Flight


You were on level 3 of the Dungeon.
You were not hungry.

You visited 1 branch of the dungeon, and saw 3 of its levels.

You collected 183 gold pieces.

Inventory:

Armour
 a - a +0 robe (worn)
 e - a scarf of spirit shield (worn)
 i - a cursed +0 pair of boots (worn)
Jewellery
 f - a ring of flight (left hand)
Scrolls
 j - 4 scrolls of teleportation {unknown}
 k - a scroll of amnesia {unknown}
 o - a scroll of identify
Potions
 c - a potion of brilliance
 g - a potion of might {unknown}
 h - a potion of haste
 m - a potion of mutation {unknown}
 n - 2 potions of berserk rage {unknown}
Books
 l - a book of Cantrips

   Spells                             Type                      Level
   a - Confusing Touch                Hexes                        1
   b - Animate Skeleton               Necromancy                   1
   c - Summon Small Mammal            Summoning                    1
   d - Apportation                    Translocation                1
Comestibles
 b - 2 bread rations
 d - 3 royal jellies


   Skills:
 + Level 6.6 Fighting
 + Level 2.3 Short Blades
 + Level 1.3 Long Blades
 + Level 1.7 Axes
 + Level 0.8 Maces & Flails
 + Level 0.8 Polearms
 + Level 1.3 Staves
 + Level 0.0 Slings
 + Level 1.3 Bows
 + Level 0.8 Crossbows
 + Level 1.3 Throwing
 + Level 0.8 Armour
 + Level 6.4 Dodging
 + Level 4.0 Stealth
   Level 0.0 Stabbing
 + Level 1.3 Shields
   Level 0.0 Traps
 + Level 6.4 Unarmed Combat
 + Level 0.8 Spellcasting
 + Level 1.7 Conjurations
 + Level 1.7 Hexes
 + Level 1.3 Charms
 + Level 0.8 Summonings
 + Level 0.8 Necromancy
 + Level 1.3 Translocations
 + Level 0.8 Transmutations
 + Level 2.0 Fire Magic
 + Level 0.0 Ice Magic
 + Level 0.8 Air Magic
 + Level 0.8 Earth Magic
 + Level 0.8 Poison Magic
 + Level 1.3 Invocations
 + Level 0.0 Evocations


You had 3 spell levels left.
You knew the following spells:

 Your Spells              Type           Power        Failure   Level  Hunger
a - Confusing Touch       Hex            #.....       14%         1    ##.....


Dungeon Overview and Level Annotations

Branches:
Dungeon (3/15)

Altars:
Fedhas

Annotations:
D:3 Ijyb


Innate Abilities, Weirdness & Mutations

Your experience applies equally to all skills.
You have very sharp teeth.
Your uncanny sense of smell can sniff out nearby items.


Message History

Ijyb seems less confused.
Ijyb zaps a wand.
You are blasted!
* * * LOW HITPOINT WARNING * * *
You are too injured to fight recklessly!
You are too injured to fight recklessly!
You are too injured to fight recklessly!
Casting: Confusing Touch
Confirm with . or Enter, or press ? or * to list all spells.
You don't know that spell.
Level annotation: Ijyb Warning: Bad travel_delay: "20 (or -1 online)" (~/.crawlrc:133) Welcome back, vatarom the Gnoll Monk.
Press ? for a list of commands and other information.
It was a potion of haste.
You feel yourself speed up. Ijyb misses you.
You see here a dagger.
Things that are here:
a club; a hobgoblin corpse Ijyb zaps a wand.
You barely resist.
Ijyb zaps a wand.
You barely resist.
Ijyb zaps a wand.
You are blasted!
You die...

#.....<.......
#.........##.#
#.........#
#.........#
#.........#
#.........#
#.........#
#.........#
#....@(...#
#.........#
#.........#
............#######
..................#
..................#
....########.g....#
.... #.)....# ..
#......#


You could see Ijyb.

Vanquished Creatures
  3 adders (D:2)
  4 worms (D:2)
  A dart slug (D:1)
  A leopard gecko (D:2)
  5 bats
  5 goblins
  5 hobgoblins
  2 jackals (D:2)
  6 kobolds
  2 quokkas (D:2)
  2 frilled lizards (D:1)
  8 rats
44 creatures vanquished.

Notes
Turn   | Place    | Note
-------+----------+-------------------------------------------
     0 | D:1      | vatarom the Gnoll Monk began the quest for the Orb.
     0 | D:1      | Reached XP level 1. HP: 23/23 MP: 1/1
    74 | D:1      | Reached skill level 1 in Short Blades
   224 | D:1      | Reached XP level 2. HP: 29/29 MP: 3/3
   392 | D:1      | Reached skill level 1 in Axes
   470 | D:1      | Reached skill level 1 in Shields
   551 | D:1      | Reached XP level 3. HP: 10/35 MP: 4/4
  1073 | D:2      | Reached skill level 1 in Bows
  1108 | D:2      | Reached skill level 1 in Hexes
  1328 | D:2      | Reached skill level 1 in Conjurations
  1328 | D:2      | Reached skill level 1 in Charms
  1329 | D:2      | Reached skill level 1 in Long Blades
  1339 | D:2      | Reached skill level 1 in Fire Magic
  1339 | D:2      | Reached XP level 4. HP: 34/41 MP: 5/5
  1537 | D:2      | Reached skill level 1 in Throwing
  1537 | D:2      | Reached skill level 1 in Translocations
  1539 | D:2      | Found a blossoming altar of Fedhas.
  1564 | D:2      | Learned a level 1 spell: Confusing Touch
  1794 | D:2      | Reached skill level 1 in Staves
  1970 | D:3      | Noticed Ijyb
  1982 | D:3      | Reached skill level 1 in Invocations
  1996 | D:3      | Blown up by Ijyb

Vault maps used:
D:1:      lightli_arrival_isolated_outpost, minmay_small_reverse_x
D:2:      kb_forest_paths, nicolae_overflow_crystal_walls, first_bread
D:3:      chequers_ecumenical_altar_island, uniq_ijyb, uniq_natasha,
          uniq_crazy_yiuf_cottage

Skill      XL: |  1  2  3  4 |
---------------+-------------+-----
Short Blades   | 1 2 |  2.3
Axes           | 1 |  1.7
Shields        | 1 |  1.3
Bows           | 1 |  1.3
Hexes          | 1 |  1.7
Conjurations   | 1 |  1.7
Charms         | 1 |  1.3
Long Blades    | 1 |  1.3
Fire Magic     | 1 2 |  2.0
Throwing       | 1 |  1.3
Translocations | 1 |  1.3
Staves         | 1 |  1.3
Invocations    | 1 |  1.3
Fighting       | |  6.6
Maces & Flails | |  0.8
Polearms       | |  0.8
Crossbows      | |  0.8
Armour         | |  0.8
Dodging        | |  6.4
Stealth        | |  4.0
Unarmed Combat | |  6.4
Spellcasting   | |  0.8
Summonings     | |  0.8
Necromancy     | |  0.8
Transmutations | |  0.8
Air Magic      | |  0.8
Earth Magic    | |  0.8
Poison Magic   | |  0.8

Action                   |  1- 3 |  4- 6 || total
-------------------------+-------+-------++-------
Melee: Unarmed           |    85 |    40 ||   125
       Punch             |     3 |     2 ||     5
       Bite              |     7 |     2 ||     9
 Cast: Confusing Touch   |       |     7 ||     7
  Use: Scroll            |     2 |       ||     2
       Potion            |     1 |     1 ||     2
 Stab: Sleeping          |    12 |     3 ||    15
       Confused          |       |     3 ||     3
  Eat: Chunk             |     1 |     1 ||     2
       Royal jelly       |       |     1 ||     1
Armor: Robe              |    12 |     1 ||    13
Dodge: Dodged            |    71 |    19 ||    90

Table legend:
 A = Spawn XP
 B = Non-spawn XP
 C = Spawn XP percentage of total XP
 D = Spawn monster count
 E = Non-spawn monster count
 F = Spawn count percentage of total count
 G = Total turns spent on level
                    A         B        C        D         E        F      G
               +---------+---------+-------+---------+---------+-------+---------
         Total |       0 |     123 |   0.0 |       0 |      44 |   0.0 |  1996
               +---------+---------+-------+---------+---------+-------+---------
           D:1 |       0 |      36 |   0.0 |       0 |      22 |   0.0 |  1105
           D:2 |       0 |      82 |   0.0 |       0 |      19 |   0.0 |   846
           D:3 |       0 |       5 |   0.0 |       0 |       3 |   0.0 |    45
               +---------+---------+-------+---------+---------+-------+---------
